AoeStats
← JD

Arabian Desert

513565226Analyzed
1v1 RM · 5d ago on Oct 14, 2026· 52m 54s· 2 players
Game mode
Random Map
Map size
Tiny (2 player)
Population
200
Speed
Normal
Resources
Standard
Victory
Conquest
Starting age
Dark Age
Ending age
Imperial Age
RankedLock teamsTeams togetherTeam positionsShared explorationLock speedFull tech treeHidden civsTurbo modeCheats
Victory
Defeat
🇨🇿 Georgians · Czechia
1050
+17
vs
🇦🇺 Japanese · Australia
1078
-17
DelugeRS
8:43 Loom
12:46 Feudal Age
17:19 Double-Bit Axe
22:09 Fletching
27:37 Castle Age
25:54 Horse Collar
26:20 Padded Archer Armor
28:00 Bloodlines
27:58 Scale Barding Armor
36:59 Heavy Plow
37:55 Bodkin Arrow
38:45 Ballistics
39:05 Bow Saw
38:49 Gold Mining
43:42 Imperial Age
41:51 Wheelbarrow
41:44 Husbandry
45:14 Conscription
45:05 Svan Towers
44:51 Cavalier
45:50 Leather Archer Armor
45:36 Bracer
46:38 Chemistry
45:49 Masonry
46:29 Parthian Tactics
46:31 Chain Barding Armor
46:17 Heavy Cavalry Archer
47:24 Hand Cart
48:18 Plate Barding Armor
49:20 Forging
48:45 Capped Ram
52:08 Iron Casting
50:58 Elite Monaspa
52:00 Aznauri Cavalry
JD
6:24 Loom
9:35 Feudal Age
9:54 Man-at-Arms
12:59 Arson
15:23 Scale Mail Armor
16:56 Forging
17:24 Fletching
24:05 Castle Age
25:57 Thumb Ring
27:11 Gambesons
27:32 Elite Skirmisher
30:10 Pikeman
31:38 Squires
33:43 Chain Mail Armor
35:18 Iron Casting
38:07 Gold Mining
38:03 Double-Bit Axe
38:11 Horse Collar
42:17 Imperial Age
44:01 Wheelbarrow
45:15 Parthian Tactics
45:05 Bodkin Arrow
45:10 Padded Archer Armor
48:09 Bow Saw
50:02 Kataparuto
50:22 Ballistics
51:06 Chemistry
50:12 Long Swordsman
52:10 Conscription
52:34 Two-Handed Swordsman
Connection lost

Rejoining the realm…

Still unreachable

The connection could not be restored.

Session expired

The server has moved on; the page needs a fresh start.